AoeStats
← ILNARIO

Arena

511001789Analyzed
1v1 RM · 5h ago on Oct 3, 2026· 37m 0s· 2 players
Game mode
Random Map
Map size
Tiny (2 player)
Population
200
Speed
Normal
Resources
Standard
Victory
Conquest
Starting age
Dark Age
Ending age
Imperial Age
RankedLock teamsTeams togetherTeam positionsShared explorationLock speedFull tech treeHidden civsTurbo modeCheats
Victory
Defeat
🇲🇿 Persians · Mozambique
750
+18
🇰🇿 Varangians · Kazakhstan
792
-18
Black_Bird
10:35 Feudal Age
11:53 Wheelbarrow
14:48 Castle Age
12:57 Double-Bit Axe
13:01 Horse Collar
13:37 Gold Mining
16:32 Bow Saw
18:07 Heavy Plow
22:58 Gold Shaft Mining
27:00 Stone Mining
30:20 Imperial Age
29:31 Husbandry
29:42 Bloodlines
29:56 Scale Barding Armor
30:02 Forging
30:21 Cavalier
33:07 Two-Man Saw
32:41 Crop Rotation
32:50 Chain Barding Armor
34:20 Plate Barding Armor
34:44 Savar
ILNARIO
11:13 Feudal Age
12:27 Double-Bit Axe
15:16 Castle Age
17:02 Loom
17:25 Horse Collar
23:33 Bow Saw
27:45 Wheelbarrow
27:49 Scale Barding Armor
27:35 Fletching
32:45 Imperial Age
32:03 Gold Mining
32:49 Scale Mail Armor
34:06 Conscription
34:47 Conscription
Connection lost

Rejoining the realm…

Still unreachable

The connection could not be restored.

Session expired

The server has moved on; the page needs a fresh start.